 Dungeon Crawl Stone Soup version 0.28-a0-479-g5baa6b73be (webtiles) character file.

Game seed: 11024340097688534696

3033 Conn the Firebug (level 9, 0/73 HPs)
             Began as an Octopode Fire Elementalist on Sept 19, 2021.
             Was a Follower of Sif Muna.
             Slain by a bullfrog skeleton (1 damage)
             ... on level 7 of the Dungeon.
             The game lasted 00:26:53 (8169 turns).

Conn the Firebug (Octopode Fire Elementalist)       Turns: 8169, Time: 00:26:55

Health: 0/73       AC: 24    Str:  7    XL:     9   Next: 86%
Magic:  3/18       EV:  2    Int: 21    God:    Sif Muna [*.....]
Gold:   357        SH:  0    Dex: 12    Spells: 6/20 levels left

rFire   . . .      SeeInvis .   j - +2 rapier (protect)
rCold   . . .      Faith    .   (no shield)
rNeg    + + +      Spirit   .   (helmet currently unavailable)
rPois   +          Reflect  .   (no amulet)
rElec   .          Harm     .   d - +4 ring of evasion
rCorr   .          Rampage  .   (no ring)
Will    .....      NoTele   +   (no ring)
Stlth   +++.......              (no ring)
HPRegen 0.22/turn               (no ring)
MPRegen 0.16/turn               (no ring)
                                (no ring)
                                (no ring)

@: mighty, lethally poisoned (0 -> -4), tree-form, very slightly contaminated
A: stationary, stasis, torment immunity, boosted hp, almost no armour,
(amphibious), 8 rings, (camouflage 1), (gelatinous body 1), (nimble swimmer 1),
(tentacles), (iridescent scales 2), frail 1, sense surroundings 1, (electricity
resistance)
a: Renounce Religion, Channel Magic


You were on level 7 of the Dungeon.
You worshipped Sif Muna.
Sif Muna was aware of your devotion.
You were a tree.
You visited 2 branches of the dungeon, and saw 8 of its levels.

You collected 357 gold pieces.

Inventory:

Hand Weapons
 a - a +2 dagger of draining
 j - a +2 rapier of protection (weapon)
Jewellery
 d - a +4 ring of evasion (left branch)
 e - an amulet of guardian spirit
Wands
 m - a wand of mindburst (14)
 p - a wand of digging (5)
Scrolls
 b - a scroll of teleportation
 c - 2 scrolls of identify
 f - 3 scrolls of immolation
 g - a scroll of noise {unknown}
 h - a scroll of torment {unknown}
 k - a scroll of magic mapping {unknown}
 l - 3 scrolls of enchant weapon {unknown}
 o - a scroll of vulnerability {unknown}


   Skills:
 + Level 2.7 Fighting
 + Level 5.7 Short Blades
 + Level 3.1 Dodging
 + Level 6.5 Stealth
 + Level 0.1 Unarmed Combat
 + Level 6.3 Spellcasting
 + Level 5.0 Conjurations
 + Level 1.5 Hexes
 + Level 6.6 Fire Magic
 + Level 1.0 Air Magic
 + Level 0.7 Poison Magic


You had 6 spell levels left.
You knew the following spells:

 Your Spells              Type           Power      Damage    Failure   Level
a - Foxfire               Conj/Fire      100%       2x1d9     1%          1
b - Conjure Flame         Conj/Fire      31%        6-21      2%          3
c - Inner Flame           Hex/Fire       23%        N/A       5%          3
d - Flame Wave            Conj/Fire      31%        3d7       9%          4
e - Mephitic Cloud        Conj/Pois/Air  16%        N/A       11%         3

Your spell library contained the following spells:

 Spells                   Type           Power      Damage    Failure   Level
 Magic Dart               Conj           100%       1d8       1%          1
 Scorch                   Fire           68%        2d8       1%          2
 Corpse Rot               Necr/Air       N/A        N/A       12%         2
 Call Imp                 Summ           6%         N/A       14%         2
 Dispel Undead            Necr           6%         3d8       67%         4
 Death Channel            Necr           3%         N/A       100%        6


Dungeon Overview and Level Annotations

Branches:
Dungeon (7/15)             Temple (1/1) D:5

Altars:
Ashenzari
Cheibriados
Dithmenos
Elyvilon
Gozag
Hepliaklqana
Kikubaaqudgha
Makhleb
Nemelex Xobeh
Okawaru
Qazlal
Ru
Sif Muna
Trog
Uskayaw
Vehumet
Wu Jian
Xom
Yredelemnul
Zin
The Shining One
Lugonu

Shops:
D:3 =


Innate Abilities, Weirdness & Mutations

You are a tree.
Your roots penetrate the ground, keeping you stationary.
You cannot be teleported.
You are immune to unholy pain and torment.
Your maximum health is greatly increased.
You cannot wear most types of armour.
((You are amphibious.))
You can wear up to eight rings at the same time.
((Your skin changes colour to match your surroundings (Stealth+).))
((Your rubbery body absorbs attacks. (AC +1, EV +1)))
((You are camouflaged near water. (Stealth+)))
((You have tentacles for arms and can constrict up to eight enemies at once.))
((You are mostly covered in iridescent scales. (AC +4)))
You are frail. (-10% HP)
You passively map a small area around you.
((You are resistant to electric shocks. (rElec)))


Message History

The killer bee stings you.
* * * LOW HITPOINT WARNING * * *
Unknown command.
It was a potion of might.
You feel very mighty all of a sudden.
* * * LOW HITPOINT WARNING * * *
You feel sick.
The killer bee stings you but does no damage.
The bullfrog skeleton hits you but does no damage.
A water moccasin skeleton comes into view.
The killer bee barely misses you. The bullfrog skeleton hits you.
* * * LOW HITPOINT WARNING * * *
The water moccasin skeleton moves out of view.
Unknown command.
Okay, then.
Unknown command.
Really quaff the potion of lignification?
You turn into a tree.
Your roots penetrate the ground.
* * * LOW HITPOINT WARNING * * *
You feel sick. The killer bee barely misses you.
The bullfrog skeleton hits you but does no damage.
The killer bee stings you but does no damage.
Unknown command.
Unknown command.
Unknown command.
You closely miss the killer bee.
* * * LOW HITPOINT WARNING * * *
You feel sick.
The killer bee stings you but does no damage.
The bullfrog skeleton hits you but does no damage.
The killer bee stings you but does no damage.
Unknown command.
You miss the killer bee.
* * * LOW HITPOINT WARNING * * *
You feel sick.
The killer bee stings you but does no damage.
The bullfrog skeleton hits you but does no damage.
The killer bee stings you but does no damage.
The bullfrog skeleton hits you.
You die...

..#.......# #....#
..#.......# #....#
###.......# #....#
..........# ### ######
..........####.#
...#'###...#...######
...#.......'..)#....##
...#.......#.).).....#
...#.......#....♣†...#
...+.[.....#...†yZ...#
...#..##..##..##.....#
...#####..###+##.....#
...# #..., ,......#
...# .... , ).....#
...#, , #.....# ...#,,
, *#.....# ...# +,


You could see a killer bee and a bullfrog skeleton.

Vanquished Creatures
  Prince Ribbit (D:6)
  Sigmund (D:2)
  Edmund (D:5)
  2 water moccasins (D:7)
  3 black bears
  A sky beast (D:7)
  A centaur (D:5)
  A phantom (D:7)
  A kobold brigand (D:7)
  A water moccasin zombie (D:6)
  4 scorpions
  11 killer bees
  5 howler monkeys
  4 centaur skeletons
  2 hounds (D:4)
  Crazy Yiuf (D:3)
  A bullfrog skeleton (D:5)
  A gnoll shaman (D:5)
  3 orc wizards
  Natasha (thrice) (D:2)
  4 iguanas
  A killer bee zombie (D:7)
  A hound skeleton (D:2)
  4 gnolls (D:5)
  7 adders
  2 howler monkey skeletons
  2 white imps (D:7)
  2 ufetubi
  3 adder skeletons (D:4)
  A worm (D:2)
  14 orcs
  6 ball pythons
  3 endoplasms
  A giant cockroach (D:1)
  7 goblins
  8 hobgoblins
  12 jackals (D:2)
  7 quokkas
  8 bats
  2 frilled lizards
  14 kobolds
  5 rats
162 creatures vanquished.

Vanquished Creatures (collateral kills)
  A foxfire (D:2)
1 creature vanquished.

Vanquished Creatures (others)
  416 foxfires
416 creatures vanquished.

Grand Total: 579 creatures vanquished

Notes
Turn   | Place    | Note
-------+----------+-------------------------------------------
     0 | D:1      | Conn the Octopode Fire Elementalist began the quest for the
                  | Orb.
     0 | D:1      | Reached XP level 1. HP: 11/11 MP: 3/3
   237 | D:1      | Reached XP level 2. HP: 14/17 MP: 0/5
   463 | D:1      | Found a faded altar of an unknown god.
  1256 | D:2      | Reached XP level 3. HP: 21/21 MP: 0/6
  1760 | D:2      | Reached XP level 4. HP: 23/27 MP: 5/7
  1790 | D:2      | Noticed Natasha
  1795 | D:2      | Killed Natasha
  1879 | D:2      | Noticed Natasha
  1886 | D:2      | Killed Natasha
  1887 | D:2      | Reached XP level 5. HP: 32/32 MP: 2/9
  2341 | D:2      | Noticed Natasha
  2352 | D:2      | Killed Natasha
  2683 | D:2      | Noticed Sigmund
  2695 | D:2      | Learned a level 3 spell: Conjure Flame
  2699 | D:2      | Learned a level 3 spell: Inner Flame
  2729 | D:2      | Killed Sigmund
  2730 | D:2      | Reached skill level 1 in Short Blades
  2730 | D:2      | Reached XP level 6. HP: 35/37 MP: 2/11
  2935 | D:3      | Found a glowing golden altar of the Shining One.
  2945 | D:3      | Found Roclum's Jewellery Boutique.
  3095 | D:3      | Found a basalt altar of Yredelemnul.
  3326 | D:3      | Found a sacrificial altar of Ru.
  3719 | D:3      | Found a runed translucent door.
  3720 | D:3      | Noticed Crazy Yiuf
  3753 | D:3      | Killed Crazy Yiuf
  4001 | D:4      | Reached skill level 5 in Fire Magic
  4001 | D:4      | Reached XP level 7. HP: 40/42 MP: 12/12
  4589 | D:4      | Found a radiant altar of Vehumet.
  5052 | D:4      | Learned a level 4 spell: Flame Wave
  5055 | D:5      | Entered Level 5 of the Dungeon
  5203 | D:5      | Found a staircase to the Ecumenical Temple.
  5213 | D:5      | Reached skill level 1 in Fighting
  5281 | Temple   | Entered the Ecumenical Temple
  5475 | D:5      | Noticed Edmund
  5483 | D:5      | Reached XP level 8. HP: 38/48 MP: 5/14
  5521 | D:5      | Gained mutation: You passively map a small area around you.
                  | [potion of mutation]
  5521 | D:5      | Gained mutation: Your magical capacity is low. (-10% MP)
                  | [potion of mutation]
  5521 | D:5      | Gained mutation: You have hidden genetic potential. [potion
                  | of mutation]
  5527 | D:5      | Killed Edmund
  5528 | D:5      | Reached skill level 5 in Stealth
  5831 | D:5      | Found an opulent altar of Gozag.
  5965 | D:5      | Learned a level 3 spell: Mephitic Cloud
  6325 | D:5      | Reached skill level 1 in Hexes
  6442 | D:6      | Found a shadowy altar of Dithmenos.
  6442 | D:6      | Found an iron altar of Okawaru.
  6448 | D:6      | Found a white marble altar of Elyvilon.
  6448 | D:6      | Found a bloodstained altar of Trog.
  6449 | D:6      | Lost mutation: Your magical capacity is low. (-10% MP)
                  | [potion of mutation]
  6449 | D:6      | Lost mutation: You have hidden genetic potential. [potion
                  | of mutation]
  6449 | D:6      | Gained mutation: You are partially covered in iridescent
                  | scales. (AC +2) [potion of mutation]
  6449 | D:6      | Gained mutation: You are resistant to electric shocks.
                  | (rElec) [potion of mutation]
  6449 | D:6      | Gained mutation: You are frail. (-10% HP) [potion of
                  | mutation]
  6449 | D:6      | Gained mutation: You are mostly covered in iridescent
                  | scales. (AC +4) [potion of mutation]
  6521 | D:6      | Noticed Prince Ribbit
  6536 | D:6      | Killed Prince Ribbit
  6537 | D:6      | Reached skill level 5 in Short Blades
  6537 | D:6      | Reached skill level 5 in Spellcasting
  6537 | D:6      | Reached XP level 9. HP: 34/49 MP: 1/16
  6672 | D:6      | Found a hide-covered altar of Uskayaw.
  6766 | D:6      | Found a shimmering blue altar of Sif Muna.
  6783 | D:6      | Became a worshipper of Sif Muna the Loreminder
  7074 | D:6      | Reached skill level 1 in Air Magic
  7142 | D:6      | Found a glowing silver altar of Zin.
  7972 | D:7      | Reached * piety under Sif Muna
  8165 | D:7      | Reached skill level 5 in Conjurations
  8166 | D:7      | HP: 2/49 [bullfrog skeleton (5)]
  8169 | D:7      | Slain by a bullfrog skeleton

Illustrated notes

Levels and vault maps discovered:
D:1:      psy_arrival_whirlpool, layout_loops_ring,
          hellmonk_ecumenical_altar_lost_god
D:2:      layout_basic, uniq_natasha, uniq_sigmund
D:3:      layout_basic, nicolae_ru_path_of_blood,
          mainiacjoe_overflow_small_starburst, old_standard_altar, serial_shops,
          shop, serial_corexii_hall, corexii_hall_statues_s,
          corexii_hall_statues_s, chequers_hall_statues_corner_a,
          corexii_hall_statues_s, corexii_hall_statues_s,
          corexii_hall_statues_i, uniq_crazy_yiuf_cottage
D:4:      layout_loops_corners, lemuel_tele_altar
D:5:      layout_basic, general_overflow_altar, temple_green, uniq_edmund
D:6:      layout_gridville, zin_statuary, lemuel_round_altar,
          mainiacjoe_overflow_concentric_impassable, grunt_temple_overflow_open,
          minmay_misc_feat_square, hangedman_decor_opposing, uniq_prince_ribbit1
D:7:      layout_gridville, grunt_tough_drop
Temple:   corrupted_temple

Skill      XL: |  1  2  3  4  5  6  7  8  9 |
---------------+----------------------------+-----
Stealth        | 3 4 5 6 |  6.5
Fire Magic     | 4 5 6 |  6.6
Conjurations   | 2 3 4 5 |  5.0
Spellcasting   | 3 4 5 6 |  6.3
Short Blades   | 1 3 5 |  5.7
Fighting       | 1 2 |  2.7
Hexes          | 1 |  1.5
Air Magic      | 1 |  1.0
Dodging        | 3 |  3.1
Unarmed Combat | |  0.1
Poison Magic   | |  0.7

Action                   |  1- 3 |  4- 6 |  7- 9 || total
-------------------------+-------+-------+-------++-------
Melee: Unarmed           |    25 |       |       ||    25
       Constrict         |     8 |    10 |    16 ||    34
       Tentacles         |     5 |     2 |    20 ||    27
       Dagger            |     6 |    23 |       ||    29
       Rapier            |       |    12 |    93 ||   105
 Cast: Foxfire           |    56 |    62 |   127 ||   245
       Conjure Flame     |       |     2 |     1 ||     3
       Inner Flame       |       |     1 |     8 ||     9
       Flame Wave        |       |       |     5 ||     5
       Mephitic Cloud    |       |       |     1 ||     1
  Use: Scroll            |     2 |       |     1 ||     3
       Potion            |     1 |       |     7 ||     8
 Stab: Sleeping          |     2 |     2 |     9 ||    13
Armor: Skin              |    12 |     4 |    29 ||    45
Dodge: Dodged            |    58 |    28 |   122 ||   208

Table legend: (Time is in decaauts)
 A = Elapsed time spent in this place.
 B = Non-inter-level travel time spent in this place.
 C = Inter-level travel time spent in this place.
 D = Time resting spent in this place.
 E = Time spent auto-exploring this place.
 F = Levels seen in this place.
 G = Mean time per level.
                   A        B        C        D        E       F      G
               +--------+--------+--------+--------+--------+-----+--------+
         Total |   8175 |   8087 |     88 |    388 |   5760 |   8 | 1021.9 |
       Dungeon |   8123 |   8044 |     79 |    388 |   5743 |   7 | 1160.4 |
        Temple |     51 |     42 |      9 |      0 |     17 |   1 |   51.0 |
               +--------+--------+--------+--------+--------+-----+--------+

Top non-repeatable levels by time:
     D:2: 1703 daAuts
     D:5: 1341 daAuts
     D:1: 1194 daAuts
     D:4: 1150 daAuts
     D:3: 1010 daAuts
     D:6: 963 daAuts
     D:7: 760 daAuts
  Temple: 51 daAuts
